 Dungeon Crawl Stone Soup version 0.28-a0-258-g8de209e91f (webtiles) character file.

Game seed: 12813840017538434510

9 SeanNever the Chopper (level 2, -1/23 (25) HPs)
             Began as a Minotaur Gladiator on Aug 26, 2021.
             Slain by a kobold (5 damage)
             ... on level 1 of the Dungeon.
             The game lasted 00:05:05 (144 turns).

SeanNever the Chopper (Minotaur Gladiator)           Turns: 144, Time: 00:05:06

HP:   -1/23 (25)    AC:  3    Str: 18    XL:     2   Next: 3%
MP:   1/1           EV: 12    Int:  5    God:
Gold: 0             SH:  0    Dex: 11    Spells: 1/1 levels left

rFire   . . .      SeeInvis .   a - +0 war axe
rCold   . . .      Faith    .   (no shield)
rNeg    . . .      Spirit   .   b - +0 leather armour
rPois   .          Reflect  .   c - +0 hat
rElec   .          Harm     .   (no cloak)
rCorr   .          Rampage  .   (no gloves)
Will    .....                   (no boots)
Stlth   +.........              (no amulet)
HPRegen 0.07/turn               (no ring)
MPRegen 0.07/turn               (no ring)

@: drained
A: horns 2, retaliatory headbutt
a: no special abilities


You were on level 1 of the Dungeon.
You visited 1 branch of the dungeon, and saw 1 of its levels.

Inventory:

Hand Weapons
 a - a +0 war axe (weapon)
Missiles
 d - a throwing net (quivered)
Armour
 b - a +0 leather armour (worn)
 c - a +0 hat (worn)


   Skills:
 + Level 2.5 Fighting
 + Level 3.9 Axes
 + Level 2.0 Throwing
 + Level 0.3 Armour
 + Level 3.5 Dodging


You had one spell level left.
You didn't know any spells.
Your spell library was empty.

Dungeon Overview and Level Annotations

Branches:
Dungeon (1/15)

Altars:


Innate Abilities, Weirdness & Mutations

You have a pair of horns on your head.
You reflexively headbutt those who attack you in melee.


Message History

Okay, then.
Welcome back, SeanNever the Minotaur Gladiator.
Press ? for a list of commands and other information.
Things that are here:
a stone; a +0 dagger; a kobold corpse
Things that are here:
a stone; a +0 dagger; a kobold corpse
Items here: )) ††.
Things that are here:
a stone; a +0 dagger; a kobold corpse
Items here: )) ††.
You see here a ball python corpse.
Found an escape hatch in the floor.
You open the door.
There is an open door here.
There is an escape hatch in the floor here.
There is an escape hatch in the floor here.
A rat comes into view.
A kobold comes into view. It is wielding a +1 whip of draining.
The kobold shouts!
The rat closely misses you. The rat bites you.
* * * LOW HITPOINT WARNING * * *
The rat barely misses you. The rat bites you but does no damage.
The kobold hits you but does no damage.
You feel drained. The kobold closely misses you.
A frilled lizard comes into view.
You barely miss the rat. You headbutt the rat.
The rat is heavily wounded.
The rat closely misses you. You furiously retaliate!
You headbutt the rat!
You kill the rat!
The kobold hits you with a +1 whip of draining.
* * * LOW HITPOINT WARNING * * *
You feel drained.
* * * LOW HITPOINT WARNING * * *
You barely miss the kobold. Your headbutt misses the kobold.
The kobold misses you.
The kobold hits you with a +1 whip of draining.
You die...

##.####.#.....+....
.........#..#.....###....
............+.....###....
............#............
................##......)
................##...###.
........###..........####
........###..........##..
.......l@...............#
........K..........#.....
#...........$......#....#
########...........'....>
#...........#....#
#....##'#.#....#..
#######.#.#....#.#
#.#....#.#.. #.####.#.###


You could see a kobold and a frilled lizard.

Vanquished Creatures
  2 ball pythons (D:1)
  2 goblins (D:1)
  A hobgoblin (D:1)
  A kobold (D:1)
  2 rats (D:1)
8 creatures vanquished.

Notes
Turn   | Place    | Note
-------+----------+-------------------------------------------
     0 | D:1      | SeanNever the Minotaur Gladiator began the quest for the
                  | Orb.
     0 | D:1      | Reached XP level 1. HP: 18/18 MP: 0/0
    81 | D:1      | Reached XP level 2. HP: 4/25 MP: 1/1
   144 | D:1      | Slain by a kobold

Illustrated notes

Levels and vault maps discovered:
D:1:      onia_arrival_handbag, layout_basic, st_stairs_2, minmay_tromino_i4

Action                   || total
-------------------------++-------
Melee: War axe           ||     5
       Headbutt          ||     1
Throw: Throwing net      ||     2
Armor: Leather armour    ||    10
Dodge: Dodged            ||    36

Table legend: (Time is in decaauts)
 A = Elapsed time spent in this place.
 B = Non-inter-level travel time spent in this place.
 C = Inter-level travel time spent in this place.
 D = Time resting spent in this place.
 E = Time spent auto-exploring this place.
 F = Levels seen in this place.
 G = Mean time per level.
                   A        B        C        D        E       F      G
               +--------+--------+--------+--------+--------+-----+--------+
         Total |    145 |    145 |      0 |      0 |      0 |   1 |  145.0 |
       Dungeon |    145 |    145 |      0 |      0 |      0 |   1 |  145.0 |
               +--------+--------+--------+--------+--------+-----+--------+

Top non-repeatable levels by time:
     D:1: 145 daAuts
